WCHLSIM.com - West Coast Hockey League
html PUBLIC "-//W3C//DTD XHTML 1.0 Transitional//EN" "http://www.w3.org/TR/xhtml1/DTD/xhtml1-transitional.dtd"> WCHL - Game 159 - ANAHEIM OUTLAWS vs LAS VEGAS LIZARD KINGS

ANAHEIM OUTLAWS vs LAS VEGAS LIZARD KINGS

Created - 4 novembre 2022 at 21:48

Goals
1 2 3 T
ANAHEIM OUTLAWS 0 2 1 3
LAS VEGAS LIZARD KINGS 1 0 0 1
Shots
1 2 3 T
ANAHEIM OUTLAWS 9 21 10 40
LAS VEGAS LIZARD KINGS 16 8 6 30

1st period

1. LAS VEGAS LIZARD KINGS , John Marino 1 (Nino Niederreiter 7, Johnny Gaudreau 11) at 17:46

Penalties :
Morgan Rielly (ANA) for Roughing (Minor) at 11:51

2nd period

2. ANAHEIM OUTLAWS , Kevin Fiala 8 (Evgeny Kuznetsov 13, Morgan Rielly 4) at 1:56
3. ANAHEIM OUTLAWS , Dylan Coghlan 1 (Pius Suter 5, Pierre Engvall 4) at 13:19

Penalties :
Henri Jokiharju (ANA) for Holding (Minor) at 2:31, Brayden McNabb (LVG) for Slashing (Minor) at 14:29

3rd period

4. ANAHEIM OUTLAWS , Jeff Skinner 2 (Sam Bennett 10, Michael Bunting 3) at 17:23 (PP)

Penalties :
Nino Niederreiter (LVG) for Hooking (Minor) at 6:08, Pierre Engvall (ANA) for Tripping (Minor) at 11:33, John Klingberg (LVG) for Charging (Minor) at 15:47, Sam Bennett (ANA) for Cross-checking (Minor) at 18:56

Goalie Stats

Mackenzie Blackwood (ANA), 29 saves from 30 shots - (0,967), W, 1-0-0, 60:00 minutes
Mikko Koskinen (LVG), 37 saves from 40 shots - (0,925), L, 3-3-2, 60:00 minutes

Players Stats for ANAHEIM OUTLAWS

Player Name              G  A  P  +/- PIM S  H  SB GA TA FO     MP     PP MP  PK MP  
------------------------------------------------------------------------------------
Adrian Kempe             0  0  0   1  0   3  1  0  0  0  2/2    23:34   2:49   2:59 
Ben Gleason              0  0  0   1  0   0  1  0  0  0  0/0    20:39   0:34   4:31 
Dylan Coghlan            1  0  1   1  0   2  1  1  0  0  0/0    16:21   2:46   1:19 
Evgeny Kuznetsov         0  1  1   1  0   7  0  0  0  0  18/29  20:29   2:49   0:04 
Henri Jokiharju          0  0  0  -1  2   0  0  0  0  0  0/0    21:19   2:48   2:15 
Jack Quinn               0  0  0   1  0   0  0  0  0  0  0/1    11:49   0:00   0:51 
Jeff Skinner             1  0  1  -1  0   3  1  0  0  0  2/2    17:20   2:45   0:35 
Kent Johnson             0  0  0   0  0   1  0  1  0  0  1/1     4:52   0:00   0:00 
Kevin Fiala              1  0  1   1  0   8  0  0  0  0  1/11   23:54   2:49   3:29 
Michael Bunting          0  1  1  -1  0   3  1  0  0  0  2/3    20:08   2:45   3:23 
Michael Rasmussen        0  0  0   0  0   1  0  0  0  0  2/6     4:52   0:00   0:00 
Morgan Rielly            0  1  1   1  2   1  1  2  0  0  0/0    25:19   2:46   3:41 
Noah Hanifin             0  0  0  -1  0   1  1  1  0  0  0/0    23:54   2:14   2:14 
Pierre Engvall           0  1  1   1  2   2  2  0  0  0  0/1    10:57   0:00   0:00 
Pius Suter               0  1  1   1  0   2  0  0  0  0  7/12   10:58   0:00   0:00 
Sam Bennett              0  1  1  -1  2   6  3  2  0  0  10/19  19:23   2:45   2:39 
Thomas Hickey            0  0  0   1  0   0  1  1  0  0  0/0    12:16   0:00   0:00 
Zack MacEwen             0  0  0   0  0   0  2  0  0  0  0/0     4:52   0:00   0:00 

Players Stats for LAS VEGAS LIZARD KINGS

Player Name              G  A  P  +/- PIM S  H  SB GA TA FO     MP     PP MP  PK MP  
------------------------------------------------------------------------------------
Brandon Hagel            0  0  0   0  0   2  0  0  0  0  0/2    15:05   0:00   2:36 
Brayden McNabb           0  0  0  -1  2   1  3  2  0  0  0/0    20:29   0:00   1:04 
Drake Caggiula           0  0  0   0  0   2  0  0  0  0  0/0     4:01   0:00   0:16 
Dylan Gambrell           0  0  0   0  0   0  0  0  0  0  0/0     3:45   0:00   0:00 
Evan Rodrigues           0  0  0   0  0   4  1  0  0  0  2/7    19:42   3:47   2:52 
Jack Johnson             0  0  0   0  0   0  2  0  0  0  0/0    16:02   0:00   2:37 
Jeff Carter              0  0  0   0  0   1  3  0  0  0  17/26  19:32   3:47   2:42 
John Klingberg           0  0  0   0  2   0  3  0  0  0  0/0    22:58   3:19   2:00 
John Marino              1  0  1   0  0   1  0  2  0  0  0/0    21:08   3:41   2:52 
Johnny Gaudreau          0  1  1  -1  0   4  0  0  0  0  1/2    21:22   3:13   0:00 
Matt Roy                 0  0  0   0  0   2  0  1  0  0  0/0    17:06   3:41   0:00 
Matthew Nieto            0  0  0   0  0   0  1  0  0  0  0/0    12:29   0:00   0:00 
Nick Leddy               0  0  0  -1  0   0  0  1  0  0  0/0    22:15   3:19   2:35 
Nino Niederreiter        0  1  1  -1  2   3  5  0  0  0  1/3    21:21   3:13   0:00 
Ryan Nugent-Hopkins      0  0  0  -1  0   3  2  0  0  0  14/30  21:22   3:13   0:00 
Sean Monahan             0  0  0   0  0   2  1  0  0  0  6/14   12:29   0:00   0:00 
Victor Olofsson          0  0  0   0  0   5  0  0  0  0  0/0    16:50   3:47   0:00 
Zemgus Girgensons        0  0  0   0  0   0  0  0  0  0  1/3     6:27   0:00   2:42 

3 Stars

1 - Mackenzie Blackwood (ANA)
2 - Dylan Coghlan (ANA)
3 - Kevin Fiala (ANA)

Power Play

ANAHEIM OUTLAWS - 1 on 3 Attempt(s) - 33,33%
LAS VEGAS LIZARD KINGS - 0 on 4 Attempt(s) - 0,00%

Penalty Kill

ANAHEIM OUTLAWS - 4 on 4 Attempt(s) - 100,00% - Score 0 goal in Penalty Kill
LAS VEGAS LIZARD KINGS - 2 on 3 Attempt(s) - 66,67% - Score 0 goal in Penalty Kill

Team Stat

ANAHEIM OUTLAWS - Hits : 15 - Faceoff Wins : 45 - Blocked Shots : 8 - Penalty Minutes : 8
LAS VEGAS LIZARD KINGS - Hits : 21 - Faceoff Wins : 42 - Blocked Shots : 6 - Penalty Minutes : 6

Official

Referees : Brian Pochmara and Jon McIsaac
Linesman : Greg Devorski and Neil Campbell

Game Notes

No Game Note

Finance

Level 1 -- Attendance: 5222 (83,29%) -- Ticket Income 1 148 840 $
Level 2 -- Attendance: 4309 (68,18%) -- Ticket Income 646 350 $
Level 3 -- Attendance: 1732 (82,87%) -- Ticket Income 225 160 $
Level 4 -- Attendance: 2722 (63,01%) -- Ticket Income 272 200 $
Luxury Box -- Attendance: 755 (75,50%) -- Ticket Income 302 000 $
Game was played at the Casino Square Garden.
Total Attendance: 14740 (73,70%)
Total Ticket Income: 2 594 550 $
Other Expense: 25 946 $
Total Income: 2 568 604 $

ANAHEIM OUTLAWS

5 vs 5 Forward 
   Center                   Left Wing                Right Wing               Time % Phy DF OF 
 1 Evgeny Kuznetsov         Kevin Fiala              Adrian Kempe             36     1   2  2  
 2 Sam Bennett              Jeff Skinner             Michael Bunting          31     1   2  2  
 3 Pius Suter               Jack Quinn               Pierre Engvall           23     1   2  2  
 4 Michael Rasmussen        Kent Johnson             Zack MacEwen             10     1   2  2  

5 vs 5 Defense 
   Defense                  Defense                                           Time % Phy DF OF 
 1 Morgan Rielly            Ben Gleason                                       36     1   2  2  
 2 Noah Hanifin             Henri Jokiharju                                   31     1   2  2  
 3 Thomas Hickey            Dylan Coghlan                                     23     1   2  2  
 4 Morgan Rielly            Noah Hanifin                                      10     1   2  2  

PowerPlay Forward 
   Center                   Left Wing                Right Wing               Time % Phy DF OF 
 1 Evgeny Kuznetsov         Kevin Fiala              Adrian Kempe             55     1   2  2  
 2 Sam Bennett              Jeff Skinner             Michael Bunting          45     1   2  2  

PowerPlay Defense
   Defense                  Defense                                           Time % Phy DF OF 
 1 Morgan Rielly            Dylan Coghlan                                     55     1   2  2  
 2 Noah Hanifin             Henri Jokiharju                                   45     1   2  2  

Penalty Kill 4 Players Forward 
   Center                   Wing                     Time % Phy DF OF 
 1 Kevin Fiala              Michael Bunting          55     1   2  2  
 2 Sam Bennett              Adrian Kempe             45     1   2  2  

Penalty Kill 4 Players Defense
   Defense                  Defense                  Time % Phy DF OF 
 1 Morgan Rielly            Ben Gleason              55     1   2  2  
 2 Noah Hanifin             Henri Jokiharju          45     1   2  2  

Penalty Kill - 3 Players Forward 
   Forward                                           Time % Phy DF OF 
 1 Adrian Kempe                                      55     1   2  2  
 2 Sam Bennett                                       45     1   2  2  

Penalty Kill - 3 Players Defense
   Defense                  Defense                  Time % Phy DF OF 
 1 Morgan Rielly            Ben Gleason              55     1   2  2  
 2 Noah Hanifin             Henri Jokiharju          45     1   2  2  

4 vs 4 Forward 
   Center                   Wing                     Time % Phy DF OF 
 1 Evgeny Kuznetsov         Michael Bunting          55     1   2  2  
 2 Sam Bennett              Adrian Kempe             45     1   2  2  

4 vs 4 Defense
   Defense                  Defense                  Time % Phy DF OF 
 1 Morgan Rielly            Dylan Coghlan            55     1   2  2  
 2 Noah Hanifin             Henri Jokiharju          45     1   2  2  

Last Minutes Offensive
   Center                   Left Wing                Right Wing               Defense                  Defense                  
   Evgeny Kuznetsov         Jeff Skinner             Adrian Kempe             Morgan Rielly            Ben Gleason              

Last Minutes Defensive
   Center                   Left Wing                Right Wing               Defense                  Defense                  
   Sam Bennett              Kevin Fiala              Adrian Kempe             Morgan Rielly            Ben Gleason              

Goaltenders
Starting : Mackenzie Blackwood      
Backup : Robin Lehner             

Extra Forwards
Normal : Michael Rasmussen, Kent Johnson, Jeff Skinner - PP : Michael Rasmussen, Kent Johnson - PK : Jeff Skinner
Extra Defensemen
Normal : Morgan Rielly, Dylan Coghlan, Noah Hanifin - PP : Morgan Rielly - PK : Dylan Coghlan, Noah Hanifin
Penalty Shots
Evgeny Kuznetsov, Kevin Fiala, Sam Bennett, Adrian Kempe, Michael Bunting
Custom OT Lines Forwards
Evgeny Kuznetsov, Kevin Fiala, Sam Bennett, Adrian Kempe, Michael Bunting, Jeff Skinner, Pius Suter, Pierre Engvall, Michael Rasmussen, Jack Quinn
Custom OT Lines Defensemen
Morgan Rielly, Thomas Hickey, Noah Hanifin, Henri Jokiharju, Dylan Coghlan

Scratches
Rocco Grimaldi (Healthy), Drew Doughty (Bruised Left Arm Injury), Haydn Fleury (Torn Left MCL Injury)

LAS VEGAS LIZARD KINGS

5 vs 5 Forward 
   Center                   Left Wing                Right Wing               Time % Phy DF OF 
 1 Ryan Nugent-Hopkins      Johnny Gaudreau          Nino Niederreiter        37     0   2  3  
 2 Jeff Carter              Victor Olofsson          Evan Rodrigues           30     0   2  3  
 3 Sean Monahan             Brandon Hagel            Matthew Nieto            25     1   3  1  
 4 Zemgus Girgensons        Drake Caggiula           Dylan Gambrell           8      1   2  2  

5 vs 5 Defense 
   Defense                  Defense                                           Time % Phy DF OF 
 1 Brayden McNabb           Nick Leddy                                        35     1   2  2  
 2 John Marino              John Klingberg                                    35     0   2  3  
 3 Matt Roy                 Jack Johnson                                      30     1   2  2  
 4 Brayden McNabb           John Klingberg                                    0      1   2  2  

PowerPlay Forward 
   Center                   Left Wing                Right Wing               Time % Phy DF OF 
 1 Ryan Nugent-Hopkins      Johnny Gaudreau          Nino Niederreiter        60     1   2  2  
 2 Jeff Carter              Evan Rodrigues           Victor Olofsson          40     1   2  2  

PowerPlay Defense
   Defense                  Defense                                           Time % Phy DF OF 
 1 Nick Leddy               John Klingberg                                    60     1   2  2  
 2 John Marino              Matt Roy                                          40     1   2  2  

Penalty Kill 4 Players Forward 
   Center                   Wing                     Time % Phy DF OF 
 1 Evan Rodrigues           Brandon Hagel            55     1   2  2  
 2 Jeff Carter              Zemgus Girgensons        45     1   2  2  

Penalty Kill 4 Players Defense
   Defense                  Defense                  Time % Phy DF OF 
 1 Brayden McNabb           John Klingberg           55     1   2  2  
 2 Nick Leddy               John Marino              45     1   2  2  

Penalty Kill - 3 Players Forward 
   Forward                                           Time % Phy DF OF 
 1 Sean Monahan                                      55     1   2  2  
 2 Zemgus Girgensons                                 45     1   2  2  

Penalty Kill - 3 Players Defense
   Defense                  Defense                  Time % Phy DF OF 
 1 John Marino              Jack Johnson             55     1   2  2  
 2 Nick Leddy               Brayden McNabb           45     1   2  2  

4 vs 4 Forward 
   Center                   Wing                     Time % Phy DF OF 
 1 Johnny Gaudreau          Ryan Nugent-Hopkins      55     1   2  2  
 2 Jeff Carter              Nino Niederreiter        45     1   2  2  

4 vs 4 Defense
   Defense                  Defense                  Time % Phy DF OF 
 1 Brayden McNabb           John Klingberg           55     1   2  2  
 2 Nick Leddy               John Marino              45     1   2  2  

Last Minutes Offensive
   Center                   Left Wing                Right Wing               Defense                  Defense                  
   Ryan Nugent-Hopkins      Johnny Gaudreau          Nino Niederreiter        Nick Leddy               John Klingberg           

Last Minutes Defensive
   Center                   Left Wing                Right Wing               Defense                  Defense                  
   Evan Rodrigues           Johnny Gaudreau          Nino Niederreiter        Brayden McNabb           Matt Roy                 

Goaltenders
Starting : Mikko Koskinen           
Backup : Spencer Knight           

Extra Forwards
Normal : Victor Olofsson, Brandon Hagel, Sean Monahan - PP : Evan Rodrigues, Brandon Hagel - PK : Sean Monahan
Extra Defensemen
Normal : John Marino, Jack Johnson, Nick Leddy - PP : John Marino - PK : Jack Johnson, Nick Leddy
Penalty Shots
Johnny Gaudreau, Ryan Nugent-Hopkins, Victor Olofsson, Jeff Carter, Brandon Hagel
Custom OT Lines Forwards
Johnny Gaudreau, Ryan Nugent-Hopkins, Jeff Carter, Nino Niederreiter, Evan Rodrigues, Brandon Hagel, Victor Olofsson, Sean Monahan, Zemgus Girgensons, Matthew Nieto
Custom OT Lines Defensemen
Brayden McNabb, John Klingberg, Nick Leddy, Matt Roy, John Marino

Scratches
None


% Time on Ice - ANAHEIM OUTLAWS

Lines # - Real PCT - Wanted PCT - Time Play
Normal Forward
1 - 37% - 36% - 17:36
2 - 30% - 31% - 14:00
3 - 23% - 23% - 10:58
4 - 10% - 10% - 4:52
Normal Defense
1 - 33% - 36% - 15:34
2 - 31% - 31% - 14:55
3 - 26% - 23% - 12:16
4 - 10% - 10% - 4:41
PP Forward
1 - 51% - 55% - 2:49
2 - 49% - 45% - 2:45
PP Defense
1 - 50% - 55% - 2:46
2 - 50% - 45% - 2:48
PK Forward
1 - 60% - 55% - 4:14
2 - 40% - 45% - 2:46
PK Defense
1 - 68% - 55% - 4:46
2 - 32% - 45% - 2:14
PK3 Forward
1 - 0% - 55%
2 - 0% - 45%
PK3 Defense
1 - 0% - 55%
2 - 0% - 45%
44 Forward
1 - 0% - 55%
2 - 0% - 45%
44 Defense
1 - 0% - 55%
2 - 0% - 45%
Last Minute Offensive  - 0:00
Last Minute Defensive  - 0:00
Total
Forward - 60:00
Defense - 60:00

% Time on Ice - LAS VEGAS LIZARD KINGS

Lines # - Real PCT - Wanted PCT - Time Play
Normal Forward
1 - 38% - 37% - 18:09
2 - 28% - 30% - 13:03
3 - 26% - 25% - 12:29
4 - 8% - 8% - 3:45
Normal Defense
1 - 34% - 35% - 16:21
2 - 31% - 35% - 14:35
3 - 28% - 30% - 13:25
4 - 7% - 0% - 3:05
PP Forward
1 - 46% - 60% - 3:13
2 - 54% - 40% - 3:47
PP Defense
1 - 47% - 60% - 3:19
2 - 53% - 40% - 3:41
PK Forward
1 - 51% - 55% - 2:52
2 - 49% - 45% - 2:42
PK Defense
1 - 49% - 55% - 2:42
2 - 51% - 45% - 2:52
PK3 Forward
1 - 0% - 55%
2 - 0% - 45%
PK3 Defense
1 - 0% - 55%
2 - 0% - 45%
44 Forward
1 - 0% - 55%
2 - 0% - 45%
44 Defense
1 - 0% - 55%
2 - 0% - 45%
Last Minute Offensive  - 0:00
Last Minute Defensive  - 0:00
Total
Forward - 60:00
Defense - 60:00

Play-by-Play

1st period


0:01 of 1st period - Ryan Nugent-Hopkins wins face-off versus Evgeny Kuznetsov in neutral zone.
0:20 of 1st period - Shot by Nino Niederreiter.
0:20 of 1st period - Shot Misses the Net.
0:22 of 1st period - Shot by Ryan Nugent-Hopkins.
0:22 of 1st period - Stopped by Mackenzie Blackwood with a rebound.
0:24 of 1st period - Shot by Nino Niederreiter.
0:24 of 1st period - Stopped by Mackenzie Blackwood without a rebound.
0:25 of 1st period - Jeff Carter wins face-off versus Sam Bennett in ANAHEIM OUTLAWS zone.
1:33 of 1st period - Pierre Engvall is hit by Matthew Nieto.
1:46 of 1st period - Shot by Matt Roy.
1:46 of 1st period - Stopped by Mackenzie Blackwood without a rebound.
1:47 of 1st period - Evgeny Kuznetsov wins face-off versus Ryan Nugent-Hopkins in ANAHEIM OUTLAWS zone.
1:52 of 1st period - Ryan Nugent-Hopkins is hit by Adrian Kempe and loses puck.
2:33 of 1st period - Shot by Nino Niederreiter.
2:33 of 1st period - Shot Misses the Net.
3:33 of 1st period - Brandon Hagel is hit by Dylan Coghlan and loses puck.
3:39 of 1st period - Icing by Thomas Hickey.
3:40 of 1st period - Jeff Carter wins face-off versus Pius Suter in ANAHEIM OUTLAWS zone.
3:54 of 1st period - Shot by Jeff Carter.
3:54 of 1st period - Shot Misses the Net.
4:05 of 1st period - Jeff Carter is hit by Thomas Hickey and loses puck.
4:39 of 1st period - Shot by Michael Rasmussen.
4:39 of 1st period - Stopped by Mikko Koskinen with a rebound.
4:45 of 1st period - Shot by Noah Hanifin.
4:45 of 1st period - Shot Blocked by John Marino.
5:04 of 1st period - Kent Johnson is hit by Brayden McNabb and loses puck.
5:10 of 1st period - Zack MacEwen is hit by Brayden McNabb and loses puck.
5:25 of 1st period - Shot by Johnny Gaudreau.
5:25 of 1st period - Stopped by Mackenzie Blackwood with a rebound.
5:35 of 1st period - Shot by Sam Bennett.
5:35 of 1st period - Deflect By Jeff Skinner.
5:35 of 1st period - Shot Misses the Net.
5:37 of 1st period - Shot by Sam Bennett.
5:37 of 1st period - Stopped by Mikko Koskinen with a rebound.
5:43 of 1st period - Shot by Sam Bennett.
5:43 of 1st period - Stopped by Mikko Koskinen without a rebound.
5:44 of 1st period - Adrian Kempe wins face-off versus Sean Monahan in LAS VEGAS LIZARD KINGS zone.
7:28 of 1st period - Off-side.
7:29 of 1st period - Pius Suter wins face-off versus Jeff Carter in neutral zone.
7:32 of 1st period - Victor Olofsson is hit by Pierre Engvall and loses puck.
7:41 of 1st period - Icing by Pierre Engvall.
7:42 of 1st period - Pius Suter wins face-off versus Ryan Nugent-Hopkins in ANAHEIM OUTLAWS zone.
7:42 of 1st period - Pius Suter is hit by Nino Niederreiter.
7:53 of 1st period - Pierre Engvall is hit by Nino Niederreiter and loses puck.
8:06 of 1st period - Johnny Gaudreau is hit by Morgan Rielly and loses puck.
8:51 of 1st period - Shot by Evan Rodrigues.
8:51 of 1st period - Shot Blocked by Morgan Rielly.
10:26 of 1st period - Icing by Dylan Coghlan.
10:27 of 1st period - Evgeny Kuznetsov wins face-off versus Ryan Nugent-Hopkins in ANAHEIM OUTLAWS zone.
10:46 of 1st period - Shot by Evgeny Kuznetsov.
10:46 of 1st period - Shot Blocked by Brayden McNabb.
10:52 of 1st period - Shot by Evgeny Kuznetsov.
10:52 of 1st period - Stopped by Mikko Koskinen without a rebound.
10:53 of 1st period - Sean Monahan wins face-off versus Michael Rasmussen in LAS VEGAS LIZARD KINGS zone.
11:02 of 1st period - Shot by Sean Monahan.
11:02 of 1st period - Stopped by Mackenzie Blackwood without a rebound.
11:03 of 1st period - Jeff Carter wins face-off versus Evgeny Kuznetsov in ANAHEIM OUTLAWS zone.
11:06 of 1st period - Shot by Victor Olofsson.
11:06 of 1st period - Stopped by Mackenzie Blackwood without a rebound.
11:07 of 1st period - Evgeny Kuznetsov wins face-off versus Ryan Nugent-Hopkins in ANAHEIM OUTLAWS zone.
11:14 of 1st period - Icing by Morgan Rielly.
11:15 of 1st period - Johnny Gaudreau wins face-off versus Evgeny Kuznetsov in ANAHEIM OUTLAWS zone.
11:15 of 1st period - Ryan Nugent-Hopkins is hit by Noah Hanifin.
11:19 of 1st period - Shot by Johnny Gaudreau.
11:19 of 1st period - Shot Misses the Net.
11:51 of 1st period - Shot by Johnny Gaudreau.
11:51 of 1st period - Stopped by Mackenzie Blackwood without a rebound.
11:51 of 1st period - Minor Penalty to Morgan Rielly for Roughing.
11:52 of 1st period - Evan Rodrigues wins face-off versus Kevin Fiala in ANAHEIM OUTLAWS zone.
11:59 of 1st period - Shot by Evan Rodrigues.
11:59 of 1st period - Shot Misses the Net.
12:01 of 1st period - Shot by Evan Rodrigues.
12:01 of 1st period - Shot Misses the Net.
12:21 of 1st period - Shot by Evan Rodrigues.
12:21 of 1st period - Shot Misses the Net.
12:45 of 1st period - Icing by Jeff Carter.
12:46 of 1st period - Jeff Carter wins face-off versus Kevin Fiala in LAS VEGAS LIZARD KINGS zone.
13:16 of 1st period - Shot by Ryan Nugent-Hopkins.
13:16 of 1st period - Stopped by Mackenzie Blackwood without a rebound.
13:17 of 1st period - Sam Bennett wins face-off versus Ryan Nugent-Hopkins in ANAHEIM OUTLAWS zone.
13:17 of 1st period - Sam Bennett is hit by Nino Niederreiter.
13:32 of 1st period - Icing by Johnny Gaudreau.
13:33 of 1st period - Kevin Fiala wins face-off versus Ryan Nugent-Hopkins in LAS VEGAS LIZARD KINGS zone.
13:33 of 1st period - Michael Bunting is hit by John Klingberg and loses puck.
13:37 of 1st period - Icing by Nino Niederreiter.
13:38 of 1st period - Michael Bunting wins face-off versus Ryan Nugent-Hopkins in LAS VEGAS LIZARD KINGS zone.
13:50 of 1st period - Shot by Noah Hanifin.
13:50 of 1st period - Stopped by Mikko Koskinen without a rebound.
13:51 of 1st period - Sean Monahan wins face-off versus Michael Rasmussen in LAS VEGAS LIZARD KINGS zone.
14:29 of 1st period - Icing by Jack Johnson.
14:30 of 1st period - Sean Monahan wins face-off versus Sam Bennett in LAS VEGAS LIZARD KINGS zone.
14:30 of 1st period - Sean Monahan is hit by Jeff Skinner.
14:46 of 1st period - Shot by Sam Bennett.
14:46 of 1st period - Stopped by Mikko Koskinen without a rebound.
14:47 of 1st period - Evgeny Kuznetsov wins face-off versus Ryan Nugent-Hopkins in LAS VEGAS LIZARD KINGS zone.
14:48 of 1st period - Shot by Kevin Fiala.
14:48 of 1st period - Stopped by Mikko Koskinen with a rebound.
15:14 of 1st period - Shot by Kevin Fiala.
15:14 of 1st period - Stopped by Mikko Koskinen with a rebound.
15:22 of 1st period - Shot by Ryan Nugent-Hopkins.
15:22 of 1st period - Shot Blocked by Dylan Coghlan.
15:46 of 1st period - Icing by Adrian Kempe.
15:47 of 1st period - Jeff Carter wins face-off versus Evgeny Kuznetsov in ANAHEIM OUTLAWS zone.
16:12 of 1st period - Shot by Evan Rodrigues.
16:12 of 1st period - Stopped by Mackenzie Blackwood with a rebound.
16:50 of 1st period - Shot by Jeff Skinner.
16:50 of 1st period - Shot Blocked by Brayden McNabb.
16:52 of 1st period - Shot by Michael Bunting.
16:52 of 1st period - Stopped by Mikko Koskinen without a rebound.
16:53 of 1st period - Pius Suter wins face-off versus Brandon Hagel in LAS VEGAS LIZARD KINGS zone.
17:13 of 1st period - Off-side.
17:14 of 1st period - Nino Niederreiter wins face-off versus Sam Bennett in neutral zone.
17:18 of 1st period - Off-side.
17:19 of 1st period - Ryan Nugent-Hopkins wins face-off versus Sam Bennett in neutral zone.
17:26 of 1st period - Shot by Ryan Nugent-Hopkins.
17:26 of 1st period - Stopped by Mackenzie Blackwood with a rebound.
17:34 of 1st period - Shot by Nino Niederreiter.
17:34 of 1st period - Shot Misses the Net.
17:44 of 1st period - Shot by Nino Niederreiter.
17:44 of 1st period - Shot Hit the Post.
17:46 of 1st period - Shot by John Marino.
17:46 of 1st period - Goal by John Marino - ANAHEIM OUTLAWS : 0 - LAS VEGAS LIZARD KINGS : 1.
17:47 of 1st period - Sean Monahan wins face-off versus Pius Suter in neutral zone.
18:04 of 1st period - Shot by Sean Monahan.
18:04 of 1st period - Stopped by Mackenzie Blackwood with a rebound.
18:06 of 1st period - Shot by Brandon Hagel.
18:06 of 1st period - Stopped by Mackenzie Blackwood without a rebound.
18:07 of 1st period - Sam Bennett wins face-off versus Jeff Carter in ANAHEIM OUTLAWS zone.
18:26 of 1st period - Shot by Victor Olofsson.
18:26 of 1st period - Stopped by Mackenzie Blackwood with a rebound.
19:16 of 1st period - Icing by Nino Niederreiter.
19:17 of 1st period - Ryan Nugent-Hopkins wins face-off versus Evgeny Kuznetsov in LAS VEGAS LIZARD KINGS zone.
19:24 of 1st period - Icing by Adrian Kempe.
19:25 of 1st period - Evgeny Kuznetsov wins face-off versus Sean Monahan in ANAHEIM OUTLAWS zone.
19:25 of 1st period - Evgeny Kuznetsov is hit by Sean Monahan.
19:48 of 1st period - Shot by Brandon Hagel.
19:48 of 1st period - Stopped by Mackenzie Blackwood without a rebound.
19:49 of 1st period - Ryan Nugent-Hopkins wins face-off versus Jack Quinn in ANAHEIM OUTLAWS zone.
19:50 of 1st period - Shot by Nino Niederreiter.
19:50 of 1st period - Stopped by Mackenzie Blackwood with a rebound.
Goals for this period are 0 for ANAHEIM OUTLAWS vs 1 for LAS VEGAS LIZARD KINGS.
Shots for this period are 9 for ANAHEIM OUTLAWS vs 16 for LAS VEGAS LIZARD KINGS.

2nd period


0:01 of 2nd period - Ryan Nugent-Hopkins wins face-off versus Evgeny Kuznetsov in neutral zone.
0:06 of 2nd period - Icing by Evgeny Kuznetsov.
0:07 of 2nd period - Ryan Nugent-Hopkins wins face-off versus Evgeny Kuznetsov in ANAHEIM OUTLAWS zone.
0:38 of 2nd period - Shot by Ryan Nugent-Hopkins.
0:38 of 2nd period - Shot Misses the Net.
0:40 of 2nd period - Shot by Johnny Gaudreau.
0:40 of 2nd period - Stopped by Mackenzie Blackwood without a rebound.
0:41 of 2nd period - Sam Bennett wins face-off versus Jeff Carter in ANAHEIM OUTLAWS zone.
0:46 of 2nd period - Shot by Jeff Carter.
0:46 of 2nd period - Shot Blocked by Sam Bennett.
0:51 of 2nd period - Icing by Dylan Coghlan.
0:52 of 2nd period - Sam Bennett wins face-off versus Brandon Hagel in ANAHEIM OUTLAWS zone.
1:32 of 2nd period - Shot by Sam Bennett.
1:32 of 2nd period - Stopped by Mikko Koskinen without a rebound.
1:33 of 2nd period - Ryan Nugent-Hopkins wins face-off versus Evgeny Kuznetsov in LAS VEGAS LIZARD KINGS zone.
1:50 of 2nd period - Shot by Adrian Kempe.
1:50 of 2nd period - Shot Misses the Net.
1:56 of 2nd period - Shot by Kevin Fiala.
1:56 of 2nd period - Goal by Kevin Fiala - ANAHEIM OUTLAWS : 1 - LAS VEGAS LIZARD KINGS : 1.
1:57 of 2nd period - Jeff Carter wins face-off versus Pius Suter in neutral zone.
2:00 of 2nd period - Noah Hanifin is hit by Evan Rodrigues and loses puck.
2:19 of 2nd period - Shot by Jeff Carter.
2:19 of 2nd period - Deflect By Victor Olofsson.
2:19 of 2nd period - Shot Misses the Net.
2:30 of 2nd period - Icing by Pierre Engvall.
2:31 of 2nd period - Ryan Nugent-Hopkins wins face-off versus Pius Suter in ANAHEIM OUTLAWS zone.
2:31 of 2nd period - Minor Penalty to Henri Jokiharju for Holding.
2:32 of 2nd period - Ryan Nugent-Hopkins wins face-off versus Kevin Fiala in ANAHEIM OUTLAWS zone.
2:44 of 2nd period - Icing by Johnny Gaudreau.
2:45 of 2nd period - Ryan Nugent-Hopkins wins face-off versus Kevin Fiala in LAS VEGAS LIZARD KINGS zone.
2:47 of 2nd period - Icing by Johnny Gaudreau.
2:48 of 2nd period - Ryan Nugent-Hopkins wins face-off versus Kevin Fiala in LAS VEGAS LIZARD KINGS zone.
3:01 of 2nd period - Shot by Nino Niederreiter.
3:01 of 2nd period - Stopped by Mackenzie Blackwood without a rebound.
3:02 of 2nd period - Jeff Carter wins face-off versus Kevin Fiala in ANAHEIM OUTLAWS zone.
3:33 of 2nd period - Shot by Victor Olofsson.
3:33 of 2nd period - Shot Blocked by Morgan Rielly.
3:57 of 2nd period - Nino Niederreiter is hit by Sam Bennett and loses puck.
4:08 of 2nd period - Adrian Kempe is hit by Ryan Nugent-Hopkins and loses puck.
5:39 of 2nd period - Shot by Drake Caggiula.
5:39 of 2nd period - Shot Misses the Net.
5:47 of 2nd period - Shot by Drake Caggiula.
5:47 of 2nd period - Stopped by Mackenzie Blackwood without a rebound.
5:48 of 2nd period - Kent Johnson wins face-off versus Ryan Nugent-Hopkins in ANAHEIM OUTLAWS zone.
5:59 of 2nd period - Shot by Kent Johnson.
5:59 of 2nd period - Shot Misses the Net.
6:01 of 2nd period - Shot by Michael Rasmussen.
6:01 of 2nd period - Deflect By Kent Johnson.
6:01 of 2nd period - Stopped by Mikko Koskinen without a rebound.
6:02 of 2nd period - Evgeny Kuznetsov wins face-off versus Jeff Carter in LAS VEGAS LIZARD KINGS zone.
6:05 of 2nd period - Shot by Kevin Fiala.
6:05 of 2nd period - Stopped by Mikko Koskinen with a rebound.
6:23 of 2nd period - Shot by Jeff Carter.
6:23 of 2nd period - Shot Blocked by Thomas Hickey.
6:25 of 2nd period - Shot by Jeff Carter.
6:25 of 2nd period - Stopped by Mackenzie Blackwood without a rebound.
6:26 of 2nd period - Ryan Nugent-Hopkins wins face-off versus Sam Bennett in ANAHEIM OUTLAWS zone.
6:27 of 2nd period - Shot by Johnny Gaudreau.
6:27 of 2nd period - Shot Blocked by Sam Bennett.
6:29 of 2nd period - Shot by Johnny Gaudreau.
6:29 of 2nd period - Stopped by Mackenzie Blackwood without a rebound.
6:30 of 2nd period - Ryan Nugent-Hopkins wins face-off versus Sam Bennett in ANAHEIM OUTLAWS zone.
7:14 of 2nd period - Johnny Gaudreau is hit by Michael Bunting and loses puck.
7:52 of 2nd period - Shot by Adrian Kempe.
7:52 of 2nd period - Stopped by Mikko Koskinen without a rebound.
7:53 of 2nd period - Michael Rasmussen wins face-off versus Sean Monahan in LAS VEGAS LIZARD KINGS zone.
7:54 of 2nd period - Shot by Zack MacEwen.
7:54 of 2nd period - Shot Blocked by Nick Leddy.
7:56 of 2nd period - Shot by Dylan Coghlan.
7:56 of 2nd period - Stopped by Mikko Koskinen without a rebound.
7:57 of 2nd period - Evgeny Kuznetsov wins face-off versus Sean Monahan in LAS VEGAS LIZARD KINGS zone.
8:00 of 2nd period - Shot by Adrian Kempe.
8:00 of 2nd period - Deflect By Kevin Fiala.
8:00 of 2nd period - Stopped by Mikko Koskinen without a rebound.
8:01 of 2nd period - Jeff Carter wins face-off versus Evgeny Kuznetsov in LAS VEGAS LIZARD KINGS zone.
8:21 of 2nd period - Kevin Fiala is hit by Jeff Carter and loses puck.
9:41 of 2nd period - Shot by Michael Bunting.
9:41 of 2nd period - Stopped by Mikko Koskinen without a rebound.
9:42 of 2nd period - Sean Monahan wins face-off versus Michael Rasmussen in LAS VEGAS LIZARD KINGS zone.
9:42 of 2nd period - Sean Monahan is hit by Zack MacEwen.
9:57 of 2nd period - Kent Johnson is hit by Jack Johnson and loses puck.
10:08 of 2nd period - Shot by Sean Monahan.
10:08 of 2nd period - Deflect By Brandon Hagel.
10:08 of 2nd period - Shot Misses the Net.
10:42 of 2nd period - Shot by Zemgus Girgensons.
10:42 of 2nd period - Deflect By Drake Caggiula.
10:42 of 2nd period - Stopped by Mackenzie Blackwood without a rebound.
10:43 of 2nd period - Evgeny Kuznetsov wins face-off versus Ryan Nugent-Hopkins in ANAHEIM OUTLAWS zone.
11:02 of 2nd period - Shot by Adrian Kempe.
11:02 of 2nd period - Stopped by Mikko Koskinen without a rebound.
11:03 of 2nd period - Jeff Carter wins face-off versus Sam Bennett in LAS VEGAS LIZARD KINGS zone.
11:30 of 2nd period - Shot by Sam Bennett.
11:30 of 2nd period - Stopped by Mikko Koskinen with a rebound.
12:02 of 2nd period - Icing by Adrian Kempe.
12:03 of 2nd period - Evgeny Kuznetsov wins face-off versus Ryan Nugent-Hopkins in ANAHEIM OUTLAWS zone.
12:03 of 2nd period - Kevin Fiala is hit by Nino Niederreiter and loses puck.
12:28 of 2nd period - Shot by Evgeny Kuznetsov.
12:28 of 2nd period - Stopped by Mikko Koskinen with a rebound.
12:36 of 2nd period - Shot by Kevin Fiala.
12:36 of 2nd period - Shot Misses the Net.
12:38 of 2nd period - Shot by Kevin Fiala.
12:38 of 2nd period - Shot Misses the Net.
13:17 of 2nd period - Shot by Pius Suter.
13:17 of 2nd period - Stopped by Mikko Koskinen with a rebound.
13:19 of 2nd period - Shot by Dylan Coghlan.
13:19 of 2nd period - Goal by Dylan Coghlan - ANAHEIM OUTLAWS : 2 - LAS VEGAS LIZARD KINGS : 1.
13:20 of 2nd period - Sam Bennett wins face-off versus Sean Monahan in neutral zone.
13:45 of 2nd period - Icing by Michael Bunting.
13:46 of 2nd period - Sam Bennett wins face-off versus Jeff Carter in ANAHEIM OUTLAWS zone.
13:57 of 2nd period - Shot by Sam Bennett.
13:57 of 2nd period - Deflect By Jeff Skinner.
13:57 of 2nd period - Stopped by Mikko Koskinen without a rebound.
13:58 of 2nd period - Evgeny Kuznetsov wins face-off versus Zemgus Girgensons in LAS VEGAS LIZARD KINGS zone.
13:58 of 2nd period - Morgan Rielly is hit by John Klingberg and loses puck.
14:16 of 2nd period - Shot by Kevin Fiala.
14:16 of 2nd period - Stopped by Mikko Koskinen with a rebound.
14:18 of 2nd period - Shot by Adrian Kempe.
14:18 of 2nd period - Stopped by Mikko Koskinen without a rebound.
14:19 of 2nd period - Pius Suter wins face-off versus Sean Monahan in LAS VEGAS LIZARD KINGS zone.
14:24 of 2nd period - Shot by Pius Suter.
14:24 of 2nd period - Shot Blocked by Matt Roy.
14:26 of 2nd period - Shot by Pierre Engvall.
14:26 of 2nd period - Stopped by Mikko Koskinen without a rebound.
14:27 of 2nd period - Adrian Kempe wins face-off versus Sean Monahan in LAS VEGAS LIZARD KINGS zone.
14:29 of 2nd period - Minor Penalty to Brayden McNabb for Slashing.
14:30 of 2nd period - Evan Rodrigues wins face-off versus Evgeny Kuznetsov in LAS VEGAS LIZARD KINGS zone.
14:58 of 2nd period - Shot by Evgeny Kuznetsov.
14:58 of 2nd period - Stopped by Mikko Koskinen without a rebound.
14:59 of 2nd period - Sam Bennett wins face-off versus Evan Rodrigues in LAS VEGAS LIZARD KINGS zone.
15:30 of 2nd period - Shot by Jeff Skinner.
15:30 of 2nd period - Shot Misses the Net.
15:34 of 2nd period - Shot by Sam Bennett.
15:34 of 2nd period - Shot Misses the Net.
16:28 of 2nd period - Shot by Kevin Fiala.
16:28 of 2nd period - Shot Blocked by John Marino.
16:31 of 2nd period - Icing by Brayden McNabb.
16:32 of 2nd period - Pius Suter wins face-off versus Ryan Nugent-Hopkins in LAS VEGAS LIZARD KINGS zone.
16:32 of 2nd period - Pius Suter is hit by John Klingberg.
16:52 of 2nd period - Shot by Pius Suter.
16:52 of 2nd period - Shot Hit the Post.
17:10 of 2nd period - Shot by Pierre Engvall.
17:10 of 2nd period - Shot Misses the Net.
17:38 of 2nd period - Shot by Evgeny Kuznetsov.
17:38 of 2nd period - Stopped by Mikko Koskinen with a rebound.
17:40 of 2nd period - Shot by Adrian Kempe.
17:40 of 2nd period - Shot Misses the Net.
17:42 of 2nd period - Shot by Adrian Kempe.
17:42 of 2nd period - Shot Misses the Net.
18:17 of 2nd period - Shot by Michael Bunting.
18:17 of 2nd period - Stopped by Mikko Koskinen without a rebound.
18:18 of 2nd period - Jeff Carter wins face-off versus Michael Rasmussen in LAS VEGAS LIZARD KINGS zone.
18:18 of 2nd period - Jeff Carter is hit by Zack MacEwen.
18:25 of 2nd period - Icing by Victor Olofsson.
18:26 of 2nd period - Jeff Carter wins face-off versus Michael Bunting in LAS VEGAS LIZARD KINGS zone.
18:33 of 2nd period - Shot by Victor Olofsson.
18:33 of 2nd period - Stopped by Mackenzie Blackwood without a rebound.
18:34 of 2nd period - Sean Monahan wins face-off versus Evgeny Kuznetsov in ANAHEIM OUTLAWS zone.
18:59 of 2nd period - Shot by Kevin Fiala.
18:59 of 2nd period - Stopped by Mikko Koskinen without a rebound.
19:00 of 2nd period - Jeff Carter wins face-off versus Sam Bennett in LAS VEGAS LIZARD KINGS zone.
19:00 of 2nd period - Evan Rodrigues is hit by Sam Bennett.
19:08 of 2nd period - Shot by Evan Rodrigues.
19:08 of 2nd period - Stopped by Mackenzie Blackwood without a rebound.
19:09 of 2nd period - Sam Bennett wins face-off versus Jeff Carter in ANAHEIM OUTLAWS zone.
19:27 of 2nd period - Jeff Carter is hit by Ben Gleason.
19:29 of 2nd period - Shot by Evan Rodrigues.
19:29 of 2nd period - Shot Misses the Net.
Goals for this period are 2 for ANAHEIM OUTLAWS vs 0 for LAS VEGAS LIZARD KINGS.
Shots for this period are 21 for ANAHEIM OUTLAWS vs 8 for LAS VEGAS LIZARD KINGS.

3rd period


0:01 of 3rd period - Evgeny Kuznetsov wins face-off versus Ryan Nugent-Hopkins in neutral zone.
0:01 of 3rd period - Evgeny Kuznetsov is hit by Nino Niederreiter.
0:46 of 3rd period - Shot by Nino Niederreiter.
0:46 of 3rd period - Shot Blocked by Noah Hanifin.
0:49 of 3rd period - Icing by Kevin Fiala.
0:50 of 3rd period - Evgeny Kuznetsov wins face-off versus Sean Monahan in ANAHEIM OUTLAWS zone.
2:14 of 3rd period - Noah Hanifin is hit by Jeff Carter and loses puck.
2:43 of 3rd period - Shot by Pius Suter.
2:43 of 3rd period - Stopped by Mikko Koskinen without a rebound.
2:44 of 3rd period - Michael Bunting wins face-off versus Nino Niederreiter in LAS VEGAS LIZARD KINGS zone.
3:03 of 3rd period - Shot by Sam Bennett.
3:03 of 3rd period - Stopped by Mikko Koskinen with a rebound.
4:09 of 3rd period - Shot by Pierre Engvall.
4:09 of 3rd period - Deflect By Pius Suter.
4:09 of 3rd period - Shot Misses the Net.
4:15 of 3rd period - Shot by Pius Suter.
4:15 of 3rd period - Shot Misses the Net.
5:19 of 3rd period - Shot by Jeff Skinner.
5:19 of 3rd period - Stopped by Mikko Koskinen with a rebound.
5:37 of 3rd period - Shot by Morgan Rielly.
5:37 of 3rd period - Stopped by Mikko Koskinen with a rebound.
5:39 of 3rd period - Shot by Pierre Engvall.
5:39 of 3rd period - Stopped by Mikko Koskinen without a rebound.
5:40 of 3rd period - Michael Rasmussen wins face-off versus Ryan Nugent-Hopkins in LAS VEGAS LIZARD KINGS zone.
6:08 of 3rd period - Minor Penalty to Nino Niederreiter for Hooking.
6:09 of 3rd period - Jeff Carter wins face-off versus Sam Bennett in LAS VEGAS LIZARD KINGS zone.
6:09 of 3rd period - Jeff Carter is hit by Sam Bennett.
6:52 of 3rd period - Shot by Kevin Fiala.
6:52 of 3rd period - Stopped by Mikko Koskinen without a rebound.
6:53 of 3rd period - Evgeny Kuznetsov wins face-off versus Evan Rodrigues in LAS VEGAS LIZARD KINGS zone.
7:02 of 3rd period - Shot by Evgeny Kuznetsov.
7:02 of 3rd period - Stopped by Mikko Koskinen without a rebound.
7:03 of 3rd period - Evgeny Kuznetsov wins face-off versus Evan Rodrigues in LAS VEGAS LIZARD KINGS zone.
7:34 of 3rd period - Shot by Kevin Fiala.
7:34 of 3rd period - Shot Misses the Net.
7:36 of 3rd period - Shot by Kevin Fiala.
7:36 of 3rd period - Deflect By Evgeny Kuznetsov.
7:36 of 3rd period - Stopped by Mikko Koskinen without a rebound.
7:37 of 3rd period - Sam Bennett wins face-off versus Evan Rodrigues in LAS VEGAS LIZARD KINGS zone.
8:07 of 3rd period - Icing by Michael Bunting.
8:08 of 3rd period - Pius Suter wins face-off versus Nino Niederreiter in ANAHEIM OUTLAWS zone.
9:36 of 3rd period - Shot by Victor Olofsson.
9:36 of 3rd period - Shot Misses the Net.
11:33 of 3rd period - Minor Penalty to Pierre Engvall for Tripping.
11:34 of 3rd period - Evgeny Kuznetsov wins face-off versus Jeff Carter in ANAHEIM OUTLAWS zone.
11:43 of 3rd period - Morgan Rielly is hit by Jeff Carter and loses puck.
12:31 of 3rd period - Off-side.
12:32 of 3rd period - Jeff Skinner wins face-off versus Ryan Nugent-Hopkins in neutral zone.
13:51 of 3rd period - Shot by Zemgus Girgensons.
13:51 of 3rd period - Shot Blocked by Kent Johnson.
14:02 of 3rd period - Icing by Matt Roy.
14:03 of 3rd period - Pius Suter wins face-off versus Zemgus Girgensons in LAS VEGAS LIZARD KINGS zone.
14:03 of 3rd period - Pius Suter is hit by Jack Johnson.
14:08 of 3rd period - Icing by Matt Roy.
14:09 of 3rd period - Zemgus Girgensons wins face-off versus Pius Suter in LAS VEGAS LIZARD KINGS zone.
14:37 of 3rd period - Victor Olofsson is hit by Pierre Engvall and loses puck.
14:56 of 3rd period - Shot by Evan Rodrigues.
14:56 of 3rd period - Stopped by Mackenzie Blackwood without a rebound.
14:57 of 3rd period - Sam Bennett wins face-off versus Johnny Gaudreau in ANAHEIM OUTLAWS zone.
15:28 of 3rd period - Shot by Johnny Gaudreau.
15:28 of 3rd period - Shot Misses the Net.
15:30 of 3rd period - Shot by Brayden McNabb.
15:30 of 3rd period - Stopped by Mackenzie Blackwood without a rebound.
15:31 of 3rd period - Evgeny Kuznetsov wins face-off versus Jeff Carter in ANAHEIM OUTLAWS zone.
15:38 of 3rd period - Shot by Evgeny Kuznetsov.
15:38 of 3rd period - Stopped by Mikko Koskinen without a rebound.
15:39 of 3rd period - Evgeny Kuznetsov wins face-off versus Jeff Carter in LAS VEGAS LIZARD KINGS zone.
15:47 of 3rd period - Minor Penalty to John Klingberg for Charging.
15:48 of 3rd period - Evgeny Kuznetsov wins face-off versus Evan Rodrigues in LAS VEGAS LIZARD KINGS zone.
17:21 of 3rd period - Shot by Sam Bennett.
17:21 of 3rd period - Shot Misses the Net.
17:23 of 3rd period - Shot by Sam Bennett.
17:23 of 3rd period - Deflect By Jeff Skinner.
17:23 of 3rd period - Goal by Jeff Skinner - ANAHEIM OUTLAWS : 3 - LAS VEGAS LIZARD KINGS : 1.
17:24 of 3rd period - Ryan Nugent-Hopkins wins face-off versus Pierre Engvall in neutral zone.
17:27 of 3rd period - Morgan Rielly is hit by Ryan Nugent-Hopkins and loses puck.
18:30 of 3rd period - Adrian Kempe is hit by Brayden McNabb and loses puck.
18:56 of 3rd period - Minor Penalty to Sam Bennett for Cross-checking.
18:57 of 3rd period - Jeff Carter wins face-off versus Kevin Fiala in ANAHEIM OUTLAWS zone.
19:04 of 3rd period - Shot by Evan Rodrigues.
19:04 of 3rd period - Deflect By Victor Olofsson.
19:04 of 3rd period - Stopped by Mackenzie Blackwood without a rebound.
19:05 of 3rd period - Jeff Carter wins face-off versus Kevin Fiala in ANAHEIM OUTLAWS zone.
19:08 of 3rd period - Shot by Jeff Carter.
19:08 of 3rd period - Deflect By Victor Olofsson.
19:08 of 3rd period - Stopped by Mackenzie Blackwood without a rebound.
19:09 of 3rd period - Jeff Carter wins face-off versus Kevin Fiala in ANAHEIM OUTLAWS zone.
19:18 of 3rd period - Shot by John Marino.
19:18 of 3rd period - Deflect By Evan Rodrigues.
19:18 of 3rd period - Shot Misses the Net.
19:20 of 3rd period - Shot by Matt Roy.
19:20 of 3rd period - Stopped by Mackenzie Blackwood without a rebound.
19:21 of 3rd period - Jeff Carter wins face-off versus Kevin Fiala in ANAHEIM OUTLAWS zone.
19:52 of 3rd period - Shot by Evan Rodrigues.
19:52 of 3rd period - Stopped by Mackenzie Blackwood without a rebound.
19:53 of 3rd period - Jeff Skinner wins face-off versus Ryan Nugent-Hopkins in ANAHEIM OUTLAWS zone.
Goals for this period are 1 for ANAHEIM OUTLAWS vs 0 for LAS VEGAS LIZARD KINGS.
Shots for this period are 10 for ANAHEIM OUTLAWS vs 6 for LAS VEGAS LIZARD KINGS.


YEGOR
SHARANGOVICH
ALEX
IAFALLO
JAKOB
CHYCHRUN

EAST COAST

HOCKEY LEAGUE

  • 65.QUE3CHW1
  • 66.CHA1TRV6
  • 67.PITRHI
  • 68.ATLWOR